 Dungeon Crawl Stone Soup version 0.30-a0-652-gcc886f7154 (webtiles) character file.

Game seed: 10881531450833446048

9 ragingrage the Charlatan (level 2, 0/12 HPs)
             Began as a Felid Artificer on Jan 18, 2023.
             Slain by a hobgoblin (5 damage)
             ... on level 1 of the Dungeon.
             The game lasted 00:00:20 (62 turns).

ragingrage the Charlatan (Felid Artificer)            Turns: 62, Time: 00:00:20

Health: 0/12       AC:  1    Str:  8    XL:     2   Next: 3%
Magic:  3/3        EV: 18    Int: 12    God:
Gold:   0          SH:  0    Dex: 16    Spells: 1/1 levels left
                                        Lives:  0   Deaths: 0

rFire   . . .      SeeInvis +    (weapon unavailable)
rCold   . . .      Faith    .    (shield unavailable)
rNeg    . . .      Spirit   .    (body armour unavailable)
rPois   .          Reflect  .    (helmet unavailable)
rElec   .          Harm     .    (cloak unavailable)
rCorr   .          Rampage  .    (gloves unavailable)
Will    .....                    (boots unavailable)
Stlth   ++                       (no amulet)
HPRegen 0.22/turn                (no ring)
MPRegen 0.08/turn                (no ring)

@: quick
A: very small, claws 1, fangs 3, see invisible, speed 1, shaggy fur 1, stealthy
paws, no weapons or thrown items, no armour, multi-lived
a: no special abilities


You were on level 1 of the Dungeon.
You visited 1 branch of the dungeon, and saw 1 of its levels.

Inventory:

Wands
 a - a wand of flame (15) (quivered)
 b - a wand of charming (15)
 c - a wand of iceblast (5)


   Skills:
 - Level 1.0 Fighting
 - Level 3.2 Dodging
 + Level 2.1 Stealth
 + Level 0.8 Unarmed Combat
 + Level 3.5 Evocations


You had one spell level left.
You didn't know any spells.
Your spell library was empty.

Dungeon Overview and Level Annotations

Branches:
Dungeon (1/15)

Altars:


Innate Abilities, Weirdness & Mutations

You have sharp claws.
You have razor-sharp teeth.
You have supernaturally acute eyesight. (SInv)
You cover ground quickly. (Speed+)
You are covered in fur. (AC +1)
Your paws help you pounce on unaware monsters.
You are incapable of wielding weapons or throwing items.
You cannot wear armour.
You gain extra lives every three experience levels.


Message History

You scratch the quokka.
The quokka is moderately wounded.
The quokka closely misses you.
You scratch the quokka. Your bite misses the quokka.
The quokka is almost dead.
The quokka barely misses you.
You scratch the quokka.
You kill the quokka!
The giant cockroach completely misses you.
You closely miss the giant cockroach. The giant cockroach barely misses you.
You scratch the giant cockroach. You bite the giant cockroach.
The giant cockroach is severely wounded.
The giant cockroach barely misses you.
You scratch the giant cockroach.
You kill the giant cockroach!
Your Stealth skill increases to level 2!
You completely miss the goblin. You bite the goblin.
You kill the goblin!
You have reached level 2!
You closely miss the kobold. The kobold barely misses you.
You barely miss the kobold. The kobold misses you.
You barely miss the kobold. The kobold hits you with a +0 dagger.
You closely miss the kobold. The kobold misses you.
You closely miss the kobold. The kobold hits you with a +0 dagger.
You closely miss the kobold. The kobold hits you with a +0 dagger.
You closely miss the kobold. The kobold barely misses you.
You scratch the kobold but do no damage.
The kobold misses you.
You scratch the kobold.
The kobold is severely wounded.
The kobold hits you with a +0 dagger.
You closely miss the kobold.
The kobold is severely wounded.
The kobold misses you.
You scratch the kobold.
You kill the kobold!
You scratch the hobgoblin.
The hobgoblin is moderately wounded.
The hobgoblin hits you.
You die...

#.##..#..........##
##..#..#............
#..$......#........
#......!........###
#..K..........#.#
#.....##..#.....###
#..$.K..b.##.†....# .
#####g#.........#.#..
#@#####++###......
###~~.......8..##.
#~~..~~~~~~.#.#
#~..~~...~~~#...
#~.~~..~..~~#...#
#~.~~.~~~..~#..#.
#~.~~.<.~~.~#....
#~..~~~.~~.~#....
#~~..~..~~.~#...S


You could see a hobgoblin and a kobold.

Vanquished Creatures
  An endoplasm (D:1)
  A giant cockroach (D:1)
  A goblin (D:1)
  A quokka (D:1)
  A bat (D:1)
  2 kobolds (D:1)
  2 rats (D:1)
9 creatures vanquished.

Notes
Turn   | Place    | Note
-------+----------+-------------------------------------------
     0 | D:1      | ragingrage the Felid Artificer began the quest for the Orb.
     0 | D:1      | Reached XP level 1. HP: 9/9 MP: 2/2
    51 | D:1      | Reached XP level 2. HP: 8/12 MP: 3/3
    62 | D:1      | Slain by a hobgoblin

Illustrated notes

Levels and vault maps discovered:
D:1:      psy_arrival_whirlpool, layout_rooms, minmay_bisected

Skill      XL: |  1 |
---------------+----+-----
Stealth        | 2 |  2.1
Fighting       | |  1.0
Dodging        | |  3.2
Unarmed Combat | |  0.8
Evocations     | |  3.5

Action                   || total
-------------------------++-------
Melee: Unarmed           ||    43
       Bite              ||     4
Armor: Skin              ||     9
Dodge: Dodged            ||    43

Table legend: (Time is in decaauts)
 A = Elapsed time spent in this place.
 B = Non-inter-level travel time spent in this place.
 C = Inter-level travel time spent in this place.
 D = Time resting spent in this place.
 E = Time spent auto-exploring this place.
 F = Levels seen in this place.
 G = Mean time per level.
                   A        B        C        D        E       F      G
               +--------+--------+--------+--------+--------+-----+--------+
         Total |     58 |     58 |      0 |      0 |      5 |   1 |   58.0 |
       Dungeon |     58 |     58 |      0 |      0 |      5 |   1 |   58.0 |
               +--------+--------+--------+--------+--------+-----+--------+

Top non-repeatable levels by time:
     D:1: 58 daAuts
